Map: El Dorado

Players

Scrotoss

  • Race: Zerg Zerg
  • League: Master
  • Spawn Location: 7:00

Zachling - Winner!

  • Race: Protoss Protoss
  • League: Diamond
  • Spawn Location: 5:00

VOD

Have the link to the VOD?

Description

Time

  • Played on: Dec. 8, 2024, 12:24 p.m.
  • Length: 13:58
Show
View Real Time Build Order
Export as new Build Order

Scrotoss Zerg 

Build Orders: Hatch First 

Get SALT Encoding   

  12  0:00  Drone  
  13  0:12  Overlord  
  13  0:21  Drone  
  14  0:30  Drone x2  
  14  0:34  Drone  
  17  1:13  Overlord  
  17  1:22  Drone x2  
  19  1:40  Hatchery  
  18  1:50  Drone x2, Extractor  
  18  1:52  Drone  
  20  2:09  Spawning Pool  
  20  2:12  Drone  
  20  2:16  Drone  
  21  2:31  Drone  
  21  2:35  Drone  
  23  2:49  Overlord  
  23  3:03  Queen x2  
  23  3:04  Zergling x4  
  29  3:06  Metabolic Boost  
  29  3:10  Drone  
  29  3:11  Drone  
  31  3:15  Drone  
  32  3:25  Drone x2  
  34  3:29  Drone  
  35  3:35  Drone  
  35  3:37  Overlord  
  36  3:44  Hatchery  
  35  3:54  Queen  
  37  3:55  Overlord  
  37  4:01  Drone x3  
  40  4:07  Drone  
  42  4:10  Drone  
  42  4:11  Drone  
  43  4:26  Drone x3, Extractor  
  43  4:28  Drone, Roach Warren  
  43  4:29  Drone  
  46  4:31  Drone  
  46  4:37  Drone  
  48  4:46  Zergling x8  
  48  4:48  Overlord x3  
  52  5:10  Zergling x12  
  57  5:25  Lair  
  57  5:26  Roach x7  
  57  5:27  Roach  
  73  5:28  Overlord x2  
  73  5:34  Queen  
  75  5:38  Queen  
  77  5:47  Drone x4  
  81  5:50  Drone x2  
  81  5:52  Drone  
  81  5:53  Drone x3  
  87  5:58  Spore Crawler  
  87  6:00  Spore Crawler  
  87  6:02  Spore Crawler  
  84  6:46  Drone x2  
  86  6:48  Drone x3  
  86  6:51  Overlord x3  
  89  6:56  Evolution Chamber  
  89  6:57  Glial Reconstitution  
  89  7:00  Drone  
  89  7:01  Evolution Chamber  
  89  7:02  Drone  
  89  7:27  Drone  
  90  7:30  Drone  
  90  7:34  Drone  
  90  7:35  Drone x2, Extractor  
  90  7:36  Drone x3, Extractor  
  95  7:37  Drone x2  
  95  7:38  Roach x8  
  113  7:59  Overlord, Hatchery  
  113  8:00  Overlord x3  
  112  8:20  Roach x4  
  112  8:21  Roach x12  
  144  8:29  Zerg Missile Weapons Level 1, Zerg Ground Armor Level 1  
  144  8:36  Spire  
  143  8:53  Hatchery  
  142  8:59  Drone x3  
  125  9:23  Drone x3  
  104  9:24  Drone  
  75  9:50  Corruptor x8  
  91  9:58  Hydralisk Den  
  90  10:06  Overlord x2  
  87  10:32  Hydralisk x8  
  101  10:41  Hydralisk x2  
  105  10:51  Drone x3  
  105  10:52  Extractor  
  107  11:04  Hydralisk x5  
  107  11:09  Hatchery  
  116  11:11  Muscular Augments  
  116  11:17  Extractor  
  116  11:18  Drone x3, Hatchery  
  117  11:19  Drone x3, Extractor  
  117  11:21  Drone x2  
  117  11:22  Hydralisk x2  
  125  11:34  Zerg Missile Weapons Level 2  
  125  11:49  Hydralisk x3  
  131  12:05  Hydralisk x6  
  143  12:19  Drone x9  
  152  12:27  Grooved Spines  
  152  12:35  Overlord x2  
  152  12:36  Hydralisk  
  156  12:37  Roach, Hydralisk x3  
  148  13:09  Hydralisk x16  
  154  13:24  Hydralisk x6  
Show
View Real Time Build Order
Export as new Build Order

Zachling Protoss - Winner!

Build Orders:  

Get SALT Encoding   

  1  0:00  Probe  
  13  0:13  Pylon  
  13  0:16  Probe  
  14  0:33  Forge  
  14  0:35  Probe  
  15  0:49  Pylon  
  15  0:51  Probe  
  16  1:03  Probe  
  16  1:11  Photon Cannon  
  16  1:15  Probe  
  17  1:27  Probe  
  18  1:45  Nexus  
  18  1:55  Gateway  
  18  2:01  Assimilator  
  18  2:12  Probe  
  19  2:24  Probe  
  20  2:32  Assimilator  
  20  2:37  Gateway  
  20  2:42  Cybernetics Core  
  20  2:44  Probe  
  21  2:56  Probe  
  22  3:05  Probe  
  23  3:08  Probe  
  23  3:10  Pylon  
  24  3:13  Stalker  
  24  3:17  Probe, Zealot  
  29  3:33  Photon Cannon, Probe  
  30  3:36  Probe  
  31  3:44  Zealot  
  31  3:46  Probe  
  35  3:48  Probe  
  35  3:58  Warp Gate, Probe  
  35  4:00  Probe  
  35  4:01  Stalker  
  37  4:08  Stalker  
  39  4:11  Probe  
  39  4:12  Probe  
  43  4:22  Pylon  
  43  4:26  Probe  
  43  4:27  Probe  
  45  4:33  Stargate  
  45  4:45  Photon Cannon  
  45  4:47  Photon Cannon  
  45  4:51  Photon Cannon  
  45  5:01  Photon Cannon  
  45  5:04  Pylon  
  44  5:08  Probe  
  45  5:19  Void Ray  
  45  5:22  Probe  
  45  5:26  Probe  
  51  5:29  Assimilator  
  51  5:38  Pylon  
  51  5:46  Protoss Shields Level 1  
  51  5:47  Pylon  
  51  5:56  Probe x2  
  53  5:59  Oracle  
  53  6:08  Probe x2  
  58  6:12  Nexus  
  58  6:13  Protoss Air Weapons Level 1  
  58  6:20  Probe x2  
  60  6:33  Probe x2  
  60  6:34  Assimilator  
  62  6:41  Pylon  
  62  6:45  Pylon  
  62  6:49  Pylon  
  62  6:59  Probe x2  
  64  7:08  Stalker x2  
  68  7:11  Probe x2, Robotics Facility  
  70  7:15  Stargate  
  70  7:23  Probe x2  
  72  7:32  Probe  
  72  7:35  Probe x2  
  72  7:36  Photon Cannon  
  75  7:44  Stalker x2, Probe  
  78  7:45  Probe  
  78  7:46  Probe  
  82  7:51  Pylon  
  82  7:53  Probe  
  82  7:54  Probe  
  82  7:56  Probe  
  85  8:01  Probe  
  85  8:02  Probe  
  85  8:05  Protoss Ground Weapons Level 1  
  85  8:08  Probe  
  88  8:13  Void Ray  
  92  8:21  Stalker x2  
  92  8:23  Immortal  
  104  8:31  Pylon, Void Ray  
  104  8:41  Pylon  
  104  8:44  Stargate  
  104  8:46  Stalker x2  
  108  8:50  Probe x2  
  108  8:54  Assimilator  
  110  8:56  Assimilator  
  114  9:05  Nexus  
  114  9:06  Fleet Beacon, Pylon  
  114  9:07  Protoss Air Armor Level 1, Void Ray  
  118  9:14  Void Ray  
  118  9:16  Stalker x2  
  92  9:33  Immortal  
  94  9:49  Stalker  
  94  9:50  Stalker  
  102  9:57  Void Ray  
  102  10:01  Protoss Ground Armor Level 1  
  102  10:08  Twilight Council  
  99  10:34  Stalker x2  
  99  10:39  Gateway  
  99  10:42  Gateway x2  
  99  10:43  Gateway  
  99  10:46  Gateway  
  99  10:47  Photon Cannon  
  99  10:48  Pylon  
  99  10:51  Gateway  
  99  10:53  Gateway  
  99  10:54  Gateway  
  98  10:57  Probe x2  
  98  10:58  Photon Cannon  
  98  11:01  Photon Cannon, Probe x2  
  101  11:09  Probe x2  
  101  11:10  Stalker x2  
  107  11:11  Observer  
  107  11:13  Probe x2  
  110  11:28  Assimilator  
  110  11:30  Assimilator  
  110  11:35  Shield Battery  
  110  11:36  Blink  
  110  11:39  Observer  
  111  11:41  Stalker  
  111  11:42  Stalker x6  
  125  11:52  Probe x4  
  129  11:57  Stalker  
  129  11:58  Stalker x2  
  135  12:06  Zealot x2  
  135  12:07  Zealot x5  
  149  12:12  Photon Cannon x2  
  149  12:13  Immortal  
  149  12:14  Photon Cannon  
  153  12:20  Photon Cannon x2  
  153  12:22  Photon Cannon, Zealot  
  153  12:27  Pylon  
  155  12:44  Pylon  
  155  12:48  Stalker x4  
  163  12:55  Pylon  
  163  12:56  Pylon  
  163  12:59  Pylon  
  147  13:31  Stalker x4  
  147  13:32  Stalker x5  
  147  13:33  Stalker  
  163  13:52  Nexus  
  163  13:54  Pylon  
  163  13:55  Pylon  
  145  13:57  Stalker x3  
  145  13:58  Stalker x2  
Tags
 
Matchup
PvZ
Spawn Locations
Close Positions
Add a new tag
Caveats
  • Supply blocks, unpowered buildings, or Contaminate may cause inaccurate times.
  • Supply counts are checked every 10 seconds.